Map: Taito Citadel LE

Players

HoldTheDoor - Winner!

  • Race: Protoss Protoss
  • League: Diamond
  • Spawn Location: 5:00

goldold

  • Race: Protoss Protoss
  • League: Master
  • Spawn Location: 11:00

VOD

Have the link to the VOD?

Description

Time

  • Played on: May 2, 2026, 12:07 p.m.
  • Length: 7:46
Show
View Real Time Build Order
Export as new Build Order

HoldTheDoor Protoss - Winner!

Build Orders:  

Get SALT Encoding   

  12  0:00  Probe  
  13  0:12  Probe  
  14  0:17  Pylon  
  14  0:23  Probe  
  15  0:31  Probe  
  15  0:38  Gateway  
  15  0:39  Probe  
  16  0:49  Assimilator  
  17  0:53  Probe  
  18  1:08  Assimilator  
  18  1:13  Pylon  
  18  1:16  Probe  
  19  1:23  Forge  
  19  1:35  Probe  
  20  1:42  Pylon  
  20  1:47  Probe  
  20  1:52  Gateway  
  21  1:56  Pylon  
  21  2:02  Photon Cannon  
  21  2:05  Pylon  
  21  2:15  Photon Cannon  
  21  2:19  Probe  
  22  2:31  Probe  
  22  2:35  Cybernetics Core  
  23  2:43  Probe, Photon Cannon  
  24  2:53  Photon Cannon  
  24  2:59  Pylon  
  24  3:02  Zealot  
  26  3:15  Pylon  
  26  3:21  Pylon  
  26  3:26  Stalker  
  26  3:44  Probe  
  26  3:47  Warp Gate  
  27  3:51  Robotics Facility  
  27  3:56  Stalker, Probe  
  30  4:15  Shield Battery  
  30  4:16  Shield Battery  
  30  4:28  Immortal  
  30  4:32  Stalker  
  30  4:34  Shield Battery  
  36  5:07  Immortal  
Show
View Real Time Build Order
Export as new Build Order

goldold Protoss 

Build Orders:  

Get SALT Encoding   

  12  0:00  Probe  
  13  0:12  Probe  
  14  0:19  Pylon  
  14  0:24  Probe  
  15  0:37  Probe  
  15  0:38  Gateway  
  16  0:45  Probe  
  16  0:47  Assimilator  
  17  0:53  Probe  
  17  0:55  Pylon  
  17  1:03  Assimilator  
  18  1:05  Probe  
  19  1:18  Zealot  
  19  1:26  Cybernetics Core  
  19  1:32  Probe  
  22  1:44  Probe  
  23  1:55  Stalker  
  23  1:56  Probe  
  24  2:02  Gateway  
  26  2:09  Gateway  
  26  2:17  Stalker  
  30  3:04  Pylon  
  30  3:09  Nexus  
  30  3:14  Pylon  
  30  3:23  Cybernetics Core  
  30  3:26  Forge  
  30  3:50  Gateway x2, Stalker  
  30  3:56  Pylon  
  30  4:23  Probe x2  
  30  4:26  Stalker  
  30  4:27  Stalker  
  30  4:35  Probe x2  
  30  4:37  Twilight Council  
  36  4:47  Probe x2  
  38  4:56  Stalker x2  
  38  4:59  Probe x2  
  44  5:05  Warp Gate  
  44  5:11  Probe  
  44  5:12  Probe  
Tags
 
Matchup
PvP
Replay Pack
SC2Mai2026
Spawn Locations
Cross Positions
Add a new tag
Caveats
  • Supply blocks, unpowered buildings, or Contaminate may cause inaccurate times.
  • Supply counts are checked every 10 seconds.